AoeStats
← OldCharlie131

Arabia

508875948Analyzed
1v1 RM · 8d ago on Sep 24, 2026· 44m 38s· 2 players
Game mode
Random Map
Map size
Tiny (2 player)
Population
200
Speed
Normal
Resources
Standard
Victory
Conquest
Starting age
Dark Age
Ending age
Imperial Age
RankedLock teamsTeams togetherTeam positionsShared explorationLock speedFull tech treeHidden civsTurbo modeCheats
Victory
Defeat
🇫🇷 Lithuanians · France
1291
+18
🇩🇪 Saxons · Germany
1333
-18
KKUSH-PANIER
8:27 Loom
10:33 Feudal Age
11:07 Double-Bit Axe
15:11 Fletching
23:32 Castle Age
22:09 Padded Archer Armor
22:13 Gold Mining
24:19 Wheelbarrow
23:27 Horse Collar
24:12 Bodkin Arrow
24:37 Elite Skirmisher
27:40 Ballistics
28:11 Leather Archer Armor
31:24 Thumb Ring
31:08 Town Watch
38:09 Imperial Age
41:35 Forging
41:32 Scale Barding Armor
OldCharlie131
6:10 Loom
9:28 Feudal Age
9:40 Man-at-Arms
10:08 Double-Bit Axe
17:06 Fletching
17:16 Padded Archer Armor
24:15 Castle Age
23:27 Scale Mail Armor
23:38 Forging
23:14 Horse Collar
24:26 Gold Mining
31:05 Squires
44:01 Imperial Age
Connection lost

Rejoining the realm…

Still unreachable

The connection could not be restored.

Session expired

The server has moved on; the page needs a fresh start.